 Dungeon Sprint DCSS version 0.30-a0-779-g7971cf19c3 (webtiles) character file.

Game seed: 16633526783935678964

508 dialectric the Protected (level 7, -5/51 HPs)
             Began as a Gargoyle Fighter on Feb 17, 2023.
             Slain by a neqoxec (8 damage)
             ... in the Dungeon (Sprint II: "The Violet Keep of Menkaure").
             The game lasted 00:00:36 (80 turns).

dialectric the Protected (Gargoyle Fighter)           Turns: 80, Time: 00:00:36

Health: -5/51      AC: 13    Str: 20      XL:     7   Next: 18%
Magic:  6/6        EV: 10    Int:  3 (8)  God:
Gold:   0          SH:  0    Dex:  7      Spells: 6/6 levels left

rFire   . . .      SeeInvis .    a - +0 flail
rCold   . . .      Faith    .    (no shield)
rNeg    + . .      Spirit   .    b - +0 scale mail
rPois   ∞          Reflect  .    (no helmet)
rElec   +          Harm     .    (no cloak)
rCorr   .          Rampage  .    (no gloves)
Will    .....      Rage     3%   (no boots) Stlth NoTele +
                                 (no amulet)
HPRegen 0.28/turn                (no ring)
MPRegen 0.10/turn                (no ring)

@: on berserk cooldown, slowed, very slow
A: sickness immunity, AC +4, negative energy resistance 1, electricity
resistance, torment resistance 1, petrification resistance, berserk 1, clumsy 1,
deterioration 1, low MP 1, weak 1, evolution 1
a: no special abilities


You were in the Dungeon.
You visited 1 branch

Inventory:

Hand Weapons
 a - a +0 flail (weapon)
Armour
 b - a +0 scale mail (worn)
 c - a +0 buckler
Scrolls
 j - a scroll of blinking
Potions
 g - a potion of haste
 h - 2 potions of magic


   Skills:
 + Level 9.3 Fighting
 + Level 6.4 Maces & Flails
 + Level 9.6 Armour
 * Level 4.4 Dodging
 - Level 6.4 Shields


You had 6 spell levels left.
You didn't know any spells.
Your spell library was empty.

Dungeon Overview and Level Annotations

Branches:
Dungeon (1/1)

Altars:

Shops:
D [:=!*=[=


Innate Abilities, Weirdness & Mutations

You are immune to sickness and miasma.
Your stone body is resilient. (AC +4)
You are immune to poison.
You resist negative energy. (rN+)
You are resistant to electric shocks. (rElec)
You are resistant to unholy torment.
You are immune to petrification.
You sometimes lose your temper in combat.
You are clumsy. (Dex -2)
Your body sometimes deteriorates upon taking damage.
Your magical capacity is low. (-10% MP)
You are weak. (Str -2)
You have hidden genetic potential.


Message History

The neqoxec closely misses you.
You hit the neqoxec but do no damage.
The neqoxec is moderately wounded.
The neqoxec barely misses you. The neqoxec gestures at you.
Something tries to feed on your intellect!
You barely miss the neqoxec.
The neqoxec is moderately wounded.
The neqoxec gestures at you.
Strange energies course through your body.
You feel less energetic. The neqoxec hits you.
* * * LOW HITPOINT WARNING * * *
The neqoxec barely misses you. x2
You barely miss the neqoxec.
The neqoxec is moderately wounded.
The neqoxec barely misses you. The neqoxec gestures at you.
You feel dopey. Something feeds on your intellect!
The neqoxec hits you but does no damage.
The neqoxec gestures at you.
Strange energies course through your body.
You feel a hidden potential growing inside you.
You barely miss the neqoxec.
The neqoxec is moderately wounded.
The neqoxec gestures at you.
You feel dopey. Something feeds on your intellect!
The neqoxec hits you but does no damage.
You hit the neqoxec but do no damage.
The neqoxec is moderately wounded.
The neqoxec closely misses you. The neqoxec barely misses you.
The neqoxec closely misses you. x2
You closely miss the neqoxec.
The neqoxec is moderately wounded.
The neqoxec hits you.
* * * LOW HITPOINT WARNING * * *
The neqoxec hits you!
You die...

∩.∩. ## ## .∩..
##. .## ∩...#
.. .. ....# ##
.#. ∩...#~##.#
#†#
.∩..#~#33###.##
+~'@##'.<.+
.∩.∩#~#.#.##.##
▓▓### ##.###+#
#### ###


You could see 2 neqoxecs.

Vanquished Creatures
  2 neqoxecs (D)
  4 necrophages (D)
6 creatures vanquished.

Notes
Turn   | Place    | Note
-------+----------+-------------------------------------------
     0 | D        | dialectric the Gargoyle Fighter began the quest for the
                  | Orb.
     0 | D        | Reached XP level 1. HP: 14/14 MP: 1/1
     8 | D        | Noticed a necrophage
     8 | D        | Noticed a necrophage
     8 | D        | Noticed a necrophage
     8 | D        | Noticed a necrophage
    18 | D        | Killed a necrophage
    19 | D        | Reached skill level 5 in Fighting
    19 | D        | Reached skill level 5 in Armour
    19 | D        | Reached skill level 5 in Shields
    19 | D        | Reached XP level 2. HP: 19/21 MP: 2/2
    19 | D        | Reached XP level 3. HP: 23/26 MP: 3/3
    19 | D        | Reached XP level 4. HP: 28/31 MP: 4/4
    23 | D        | Killed a necrophage
    24 | D        | Reached XP level 5. HP: 29/37 MP: 5/5
    34 | D        | Reached XP level 6. HP: 28/44 MP: 6/6
    35 | D        | Noticed a neqoxec
    35 | D        | Noticed a neqoxec
    58 | D        | Killed a neqoxec
    59 | D        | Reached skill level 5 in Maces & Flails
    63 | D        | Killed a neqoxec
    64 | D        | Reached XP level 7. HP: 45/51 MP: 7/7
    64 | D        | Found Moukega's Distillery.
    64 | D        | Noticed a neqoxec
    65 | D        | Found Xoqiuq's Jewellery Boutique.
    65 | D        | Found Tibunaixt's Book Shop.
    65 | D        | Found Veniopt's Armour Shop.
    65 | D        | Found Ejeetz's Antique Armour Boutique.
    65 | D        | Noticed a neqoxec
    66 | D        | Found Faud Bei's Jewellery Shop.
    66 | D        | Found Soveuj's Jewellery Boutique.
    66 | D        | Found Hyciuna's Assorted Antiques.
    66 | D        | Gained mutation: You sometimes lose your temper in combat.
                  | [a neqoxec]
    68 | D        | Gained mutation: You are clumsy. (Dex -2) [a neqoxec]
    71 | D        | Gained mutation: You are weak. (Str -2) [a neqoxec]
    74 | D        | Gained mutation: Your body sometimes deteriorates upon
                  | taking damage. [a neqoxec]
    76 | D        | Gained mutation: Your magical capacity is low. (-10% MP) [a
                  | neqoxec]
    77 | D        | Gained mutation: You have hidden genetic potential. [a
                  | neqoxec]
    80 | D        | Slain by a neqoxec

Illustrated notes

Levels and vault maps discovered:
D:        the_violet_keep_of_menkaure [sprint2_stairs_cluster_1,
          sprint2_shoproom, sprint2_temple, sprint2_basic_supplies,
          sprint2_obstacle_5, sprint2_obstacle_1, sprint2_obstacle_2,
          sprint2_obstacle_7, sprint2_obstacle_6, sprint2_timed_cluster_1,
          sprint2_smallroom_cluster_1, sprint2_smallroom_final_cluster_1,
          sprint2_transparent_cluster_1, sprint2_second_timed_cluster_1,
          sprint2_sniper_area_1, sprint2_heavy_combat_area_1,
          sprint2_mutation_trap_area_1, sprint2_forest_area_1,
          sprint2_light_combat_area_1, sprint2_behind_water_1,
          sprint2_near_end_vault_1]

Skill      XL: |  1  2  3  4  5  6 |
---------------+-------------------+-----
Fighting       | 5 6 7 9 |  9.3
Maces & Flails | 3 4 6 |  6.4
Armour         | 5 6 8 9 |  9.6
Shields        | 5 6 |  6.4
Dodging        | 2 4 |  4.4

Action                     |  1- 3 |  4- 6 |  7- 9 || total
---------------------------+-------+-------+-------++-------
  Melee: Flail             |     8 |    38 |    14 ||    60
    Use: Potion            |     2 |     2 |       ||     4
 Armour: Scale mail        |     1 |    11 |     7 ||    19
  Dodge: Dodged            |     4 |    10 |    20 ||    34

Table legend: (Time is in decaauts)
 A = Elapsed time spent in this place.
 B = Non-inter-level travel time spent in this place.
 C = Inter-level travel time spent in this place.
 D = Time resting spent in this place.
 E = Time spent auto-exploring this place.
 F = Levels seen in this place.
 G = Mean time per level.
                   A        B        C        D        E       F      G
               +--------+--------+--------+--------+--------+-----+--------+
         Total |     92 |     92 |      0 |      0 |      1 |   1 |   92.0 |
       Dungeon |     92 |     92 |      0 |      0 |      1 |   1 |   92.0 |
               +--------+--------+--------+--------+--------+-----+--------+

Top non-repeatable levels by time:
       D: 92 daAuts
